Map: Acid Plant LE

Players

Nerchio - Winner!

  • Race: Zerg Zerg
  • Spawn Location: 11:00

Namshar

  • Race: Zerg Zerg
  • Spawn Location: 5:00

Event: WESG 2017 Haikou

VOD

Have the link to the VOD?

Description

Time

  • Played on: March 12, 2018, 11:38 p.m.
  • Length: 14:07

All games in this series

Show
View Real Time Build Order
Export as new Build Order

Nerchio Zerg - Winner!

Build Orders: Hatch First 

Get SALT Encoding   

  12  0:00  Drone  
  13  0:13  Overlord  
  13  0:16  Drone  
  14  0:31  Drone x2  
  14  0:35  Drone  
  17  0:51  Hatchery  
  17  0:54  Drone  
  17  0:59  Drone  
  18  1:06  Extractor  
  17  1:13  Spawning Pool  
  17  1:17  Drone  
  17  1:20  Drone  
  18  1:33  Drone  
  18  1:39  Overlord  
  19  1:50  Drone  
  20  1:59  Queen  
  20  2:00  Zergling x2  
  23  2:03  Queen  
  23  2:04  Zergling x2  
  23  2:07  Metabolic Boost  
  26  2:11  Drone  
  26  2:15  Drone  
  28  2:22  Drone  
  29  2:25  Drone  
  30  2:38  Hatchery  
  30  2:42  Drone  
  30  2:43  Drone  
  31  2:46  Drone  
  32  2:53  Baneling Nest  
  32  2:56  Overlord  
  32  2:58  Drone  
  32  3:01  Drone  
  33  3:10  Queen  
  33  3:11  Zergling x2  
  36  3:15  Zergling x4  
  38  3:20  Zergling x4  
  38  3:21  Drone  
  38  3:26  Overlord  
  41  3:29  Drone  
  42  3:37  Drone, Evolution Chamber  
  42  3:40  Drone  
  43  3:47  Drone  
  43  3:48  Drone x3  
  46  3:51  Drone  
  46  3:54  Drone  
  49  3:56  Drone x3  
  49  3:59  Overlord  
  52  4:03  Drone x2  
  52  4:06  Zerg Missile Weapons Level 1  
  52  4:08  Extractor x2  
  52  4:10  Drone  
  52  4:13  Drone x2  
  55  4:19  Baneling x2  
  55  4:21  Overlord  
  55  4:22  Drone x2  
  57  4:24  Drone  
  57  4:25  Drone x2  
  60  4:32  Overlord  
  60  4:33  Drone x2  
  60  4:35  Overlord  
  61  4:42  Drone x2  
  61  4:43  Roach Warren  
  61  4:45  Drone x2  
  62  4:50  Overlord  
  62  4:55  Drone x2  
  62  4:56  Drone  
  62  4:57  Drone x2  
  66  5:00  Lair  
  66  5:01  Zergling x2  
  66  5:07  Zergling x8  
  70  5:15  Zergling x8  
  70  5:18  Extractor, Zergling x2  
  74  5:21  Drone  
  74  5:24  Drone  
  74  5:27  Baneling  
  74  5:28  Drone x5, Baneling  
  77  5:29  Drone  
  77  5:34  Baneling x2  
  79  5:38  Roach x2  
  79  5:39  Roach  
  79  5:42  Roach x2  
  81  5:48  Roach  
  81  5:49  Roach x3  
  88  5:53  Roach  
  88  5:54  Roach  
  88  5:56  Roach x3  
  88  5:59  Roach  
  88  6:03  Zerg Missile Weapons Level 2, Roach  
  91  6:06  Roach  
  93  6:13  Roach x2  
  96  6:19  Overlord x2  
  96  6:21  Baneling x4  
  96  6:23  Overlord x2  
  96  6:26  Drone x2  
  96  6:33  Glial Reconstitution  
  96  6:34  Drone x2  
  96  6:35  Overlord  
  98  6:42  Drone x2  
  98  6:44  Drone  
  99  6:49  Drone x2  
  99  6:52  Drone x2  
  100  6:56  Roach x2  
  92  7:04  Roach x2  
  90  7:08  Roach  
  90  7:13  Roach x3  
  90  7:15  Roach x3  
  97  7:16  Roach  
  97  7:17  Roach  
  97  7:19  Roach  
  97  7:22  Roach x2  
  101  7:26  Roach  
  101  7:27  Hatchery  
  101  7:29  Roach  
  104  7:31  Roach  
  104  7:35  Roach  
  108  7:39  Roach  
  108  7:40  Roach  
  108  7:43  Roach  
  114  7:44  Roach  
  114  7:47  Roach  
  114  7:48  Roach  
  114  7:51  Roach  
  108  7:54  Roach  
  108  7:56  Roach  
  108  7:58  Roach  
  108  8:00  Roach  
  108  8:05  Roach x2  
  112  8:08  Roach  
  112  8:11  Roach  
  112  8:14  Roach x2  
  112  8:16  Overlord  
  112  8:17  Roach  
  112  8:18  Drone x2  
  112  8:19  Queen  
  122  8:20  Extractor  
  122  8:22  Drone x2, Queen  
  122  8:23  Drone  
  126  8:33  Zerg Ground Armor Level 1  
  127  8:34  Drone x2  
  127  8:36  Extractor  
  127  8:37  Overseer  
  127  8:41  Roach x2  
  131  8:42  Roach  
  131  8:44  Roach  
  135  8:54  Hydralisk Den  
  134  8:57  Roach x3  
  134  8:59  Roach, Overlord  
  134  9:01  Overlord x3  
  134  9:02  Overlord  
  142  9:07  Drone  
  142  9:08  Drone x2  
  142  9:09  Overseer  
  145  9:11  Overlord  
  145  9:14  Overlord x3  
  145  9:26  Hydralisk x4, Grooved Spines  
  145  9:30  Hydralisk  
  155  9:31  Hydralisk  
  155  9:38  Lurker Den  
  156  9:40  Extractor, Drone  
  156  9:41  Drone x5  
  156  9:42  Drone  
  156  9:45  Hydralisk  
  164  9:47  Hydralisk  
  164  9:50  Hydralisk  
  168  9:53  Hydralisk  
  170  10:01  Hydralisk x3  
  170  10:05  Hydralisk  
  170  10:06  Hydralisk  
  180  10:08  Hydralisk  
  180  10:13  Hydralisk x2  
  184  10:19  Hydralisk  
  188  10:24  Roach x3  
  188  10:25  Roach  
  196  10:29  Roach  
  196  10:30  Roach  
  200  10:37  Muscular Augments  
  200  10:49  Zerg Ground Armor Level 2  
  200  10:50  Overseer  
  200  11:00  Pneumatized Carapace  
  200  11:02  Hatchery  
  195  11:13  Roach x2  
  195  11:14  Roach  
  195  11:15  Roach x3  
  195  11:16  Roach  
  195  11:17  Roach x4  
  187  11:19  Roach x8  
  187  11:22  Roach x3  
  187  11:23  Roach x2  
  173  11:25  Roach  
  173  11:26  Roach  
  173  11:27  Roach  
  173  11:29  Roach  
  173  11:31  Roach  
  157  11:34  Roach  
  157  11:35  Roach  
  157  11:36  Roach  
  157  11:37  Roach  
  157  11:39  Roach  
  157  11:41  Roach  
  157  11:42  Roach  
  157  11:44  Roach  
  155  11:47  Roach x2  
  155  11:49  Roach  
  155  11:50  Ravager x2  
  159  11:54  Hydralisk  
  159  11:57  Hydralisk x2  
  159  11:58  Hydralisk  
  167  12:05  Hydralisk  
  169  12:09  Hydralisk x3  
  169  12:14  Hydralisk  
  177  12:16  Hydralisk x2  
  177  12:21  Hydralisk x2  
  185  12:24  Hydralisk  
  185  12:29  Roach x4  
  195  12:31  Roach  
  195  12:32  Roach  
  187  12:44  Roach x3  
  187  12:45  Roach x2  
  187  12:46  Roach  
  187  12:47  Roach x2  
  187  12:49  Roach x2  
  187  12:51  Roach  
  173  12:53  Roach  
  173  12:54  Roach  
  173  12:56  Roach  
  173  12:58  Roach  
  161  12:59  Roach  
  161  13:00  Roach  
  161  13:02  Roach  
  161  13:04  Roach  
  155  13:06  Roach  
  155  13:07  Roach  
  159  13:13  Lurker  
  159  13:14  Lurker  
  159  13:15  Lurker  
  159  13:17  Roach  
  159  13:19  Roach x2  
  168  13:21  Roach  
  168  13:22  Roach  
  168  13:24  Roach  
  168  13:25  Roach  
  168  13:26  Roach  
  178  13:27  Roach  
  178  13:31  Roach x3  
  178  13:33  Roach  
  188  13:35  Roach  
  188  13:36  Roach  
  188  13:39  Roach  
  188  13:41  Roach  
Show
View Real Time Build Order
Export as new Build Order

Namshar Zerg 

Build Orders: Hatch First 

Get SALT Encoding   

  12  0:00  Drone  
  13  0:12  Overlord  
  13  0:17  Drone  
  14  0:32  Drone x2  
  14  0:35  Drone  
  17  0:51  Hatchery  
  17  0:54  Drone  
  17  0:57  Drone  
  18  1:07  Extractor  
  17  1:11  Spawning Pool  
  17  1:15  Drone  
  17  1:18  Drone  
  18  1:28  Drone  
  19  1:40  Overlord  
  19  1:50  Drone  
  20  1:58  Queen  
  20  2:00  Drone  
  23  2:02  Queen  
  23  2:03  Drone  
  23  2:07  Metabolic Boost  
  26  2:12  Drone  
  26  2:14  Drone  
  28  2:22  Drone  
  29  2:25  Zergling x2  
  30  2:32  Zergling x2  
  30  2:34  Hatchery  
  30  2:39  Zergling x2  
  30  2:43  Drone  
  32  2:45  Baneling Nest  
  31  2:51  Overlord  
  31  2:55  Drone  
  32  3:05  Overlord  
  32  3:09  Drone  
  32  3:10  Drone x3  
  36  3:14  Overlord  
  36  3:23  Queen  
  36  3:24  Zergling x4  
  36  3:26  Zergling x2  
  41  3:27  Drone  
  41  3:28  Baneling  
  41  3:30  Baneling  
  41  3:33  Drone  
  43  3:37  Drone  
  43  3:40  Drone x3  
  47  3:46  Drone x3  
  50  3:50  Drone x2  
  50  3:52  Drone  
  50  3:55  Evolution Chamber  
  52  4:00  Drone  
  52  4:01  Drone x2  
  55  4:05  Extractor  
  55  4:09  Lair  
  54  4:11  Drone x3  
  56  4:26  Zergling x4  
  56  4:27  Overlord x3  
  56  4:29  Zerg Missile Weapons Level 1  
  58  4:31  Roach Warren  
  58  4:33  Baneling  
  46  4:48  Extractor  
  45  4:53  Drone x3  
  45  4:56  Drone  
  45  4:57  Drone x5  
  45  4:58  Drone x2  
  45  4:59  Zergling x8  
  60  5:05  Zergling x2  
  60  5:06  Zergling x4  
  63  5:18  Zergling x12  
  67  5:23  Baneling x2  
  67  5:27  Zergling x10  
  71  5:33  Overlord x2  
  70  5:36  Glial Reconstitution  
  70  5:40  Baneling x2  
  70  5:41  Baneling x2  
  70  5:42  Baneling x2  
  60  6:03  Roach x10  
  74  6:15  Roach x3  
  80  6:21  Overlord  
  80  6:27  Roach x3  
  86  6:34  Overlord x2  
  86  6:37  Roach x2  
  90  6:45  Roach x3  
  96  6:52  Roach x4  
  87  7:01  Roach  
  87  7:02  Roach x2  
  89  7:15  Roach x3  
  91  7:22  Roach x3  
  95  7:27  Roach  
  97  7:30  Ravager  
  97  7:31  Roach x2  
  102  7:39  Ravager  
  102  7:42  Roach x2  
  102  7:43  Drone  
  94  7:55  Drone x9  
  90  7:59  Zerg Missile Weapons Level 2  
  90  8:03  Roach  
  84  8:13  Roach x2  
  84  8:14  Roach x2  
  90  8:20  Roach  
  90  8:24  Drone  
  90  8:25  Drone x2  
  90  8:26  Extractor, Drone  
  92  8:27  Drone x2  
  92  8:30  Roach  
  92  8:31  Roach  
  97  8:35  Roach  
  97  8:36  Roach  
  101  8:43  Roach  
  101  8:44  Roach x3  
  109  8:49  Roach x2  
  109  8:50  Overlord  
  109  8:51  Overlord  
  113  8:58  Extractor  
  113  8:59  Extractor  
  113  9:01  Overlord  
  111  9:07  Ravager  
  111  9:08  Roach  
  114  9:14  Drone  
  114  9:15  Drone x2  
  114  9:16  Drone x4  
  121  9:17  Roach  
  121  9:18  Roach  
  121  9:20  Overlord  
  121  9:21  Overlord  
  121  9:23  Queen, Unknown  
  127  9:28  Roach  
  127  9:29  Overseer  
  131  9:31  Roach x2  
  131  9:36  Overseer  
  133  9:39  Roach x3  
  133  9:40  Roach  
  133  9:41  Ravager  
  133  9:43  Overlord x2  
  133  9:44  Overlord  
  142  9:48  Queen  
  142  9:51  Ravager x2  
  146  9:53  Roach x2  
  150  10:01  Roach x4  
  158  10:12  Roach x6  
  170  10:15  Overlord  
  170  10:19  Centrifical Hooks  
  170  10:20  Overlord  
  170  10:23  Overlord  
  170  10:33  Zerg Ground Armor Level 1  
  170  10:38  Overlord x2  
  170  10:40  Ravager  
  170  10:41  Ravager x2  
  170  10:42  Ravager  
  174  10:46  Overlord  
  174  10:47  Overlord  
  174  10:57  Zergling x26  
  174  10:58  Zergling x2  
  188  11:06  Unknown x2, Zergling x12  
  188  11:07  Unknown x2  
  156  11:19  Roach x6  
  156  11:24  Roach  
  156  11:25  Roach  
  138  11:31  Roach x2  
  122  11:36  Roach x2  
  116  11:43  Roach  
  114  11:50  Roach x2  
  114  11:51  Queen  
  120  11:59  Ravager  
  121  12:02  Ravager x2  
  121  12:04  Roach, Ravager x2  
  121  12:05  Roach x3  
  121  12:06  Unknown  
  121  12:08  Roach x2  
  134  12:14  Roach  
  134  12:15  Roach x5  
  145  12:17  Ravager x2  
  145  12:19  Ravager x2  
  145  12:21  Roach x3  
  155  12:26  Roach  
  155  12:28  Unknown  
  155  12:29  Unknown x2  
  157  12:36  Roach x2  
  151  12:46  Roach x9  
  130  12:51  Roach  
  130  12:56  Roach x2  
  126  13:05  Roach x4  
  124  13:09  Roach  
  124  13:10  Roach  
  126  13:13  Roach  
  126  13:14  Roach x3  
  126  13:18  Roach x2  
  138  13:20  Ravager x2  
  138  13:24  Ravager x2  
  146  13:27  Roach x3  
  146  13:32  Roach  
  146  13:33  Roach  
  152  13:36  Ravager x2  
  152  13:39  Roach x3  
Tags
 
Add a new tag
Caveats
  • Supply blocks, unpowered buildings, or Contaminate may cause inaccurate times.
  • Supply counts are checked every 10 seconds.